 Dungeon Crawl Stone Soup version 0.29-a0-19-gef7f3e67aa (webtiles) character file.

Game seed: 3719783328853357022

4890 MirrMurr the Covert (level 10, -5/49 HPs)
             Began as a Spriggan Enchanter on Jan 29, 2022.
             Was a Believer of Dithmenos.
             Slain by Harold (21 damage)
             ... on level 7 of the Dungeon.
             The game lasted 00:20:18 (9897 turns).

MirrMurr the Covert (Spriggan Enchanter)            Turns: 9897, Time: 00:20:19

Health: -5/49      AC:  3    Str:  8    XL:     10   Next: 26%
Magic:  12/17      EV: 24    Int: 17    God:    Dithmenos [**....]
Gold:   208        SH:  0    Dex: 16    Spells: 6/17 levels left

rFire   . . .      SeeInvis +   b - +0 short sword (flame)
rCold   . . .      Faith    .   (no shield)
rNeg    . . .      Spirit   .   g - +1 robe
rPois   +          Reflect  .   (helmet restricted)
rElec   .          Harm     .   (no cloak)
rCorr   .          Rampage  .   (gloves unavailable)
Will    +....                   (boots unavailable)
Stlth   ++++++....              (no amulet)
HPRegen 0.16/turn               r - ring of poison resistance
MPRegen 0.15/turn               c - ring of wizardry

@: confusing by touch, wreathed by umbra, very quick
A: very small, no large weapons, unfitting armour, see invisible, speed 3
a: Renounce Religion, Shadow Step


You were on level 7 of the Dungeon.
You worshipped Dithmenos.
Dithmenos was pleased with you.
You visited 2 branches of the dungeon, and saw 8 of its levels.
You also visited: Bailey.

You collected 258 gold pieces.
You spent 50 gold pieces at shops.

Inventory:

Hand Weapons
 a - a +4 dagger of venom
 b - a +0 short sword of flaming (weapon)
 w - a +2 dagger
Missiles
 e - 188 stones (quivered)
 j - a throwing net
 x - a curare-tipped dart
 y - 6 poisoned darts
Armour
 g - a +1 robe (worn)
Jewellery
 c - a ring of wizardry (right hand)
 r - a ring of poison resistance (left hand)
Wands
 f - a wand of mindburst (15)
 m - a wand of iceblast (4)
 s - a wand of paralysis (8)
 t - a wand of flame (9)
 u - a wand of acid (9)
Scrolls
 d - a scroll of fog {unknown}
 h - a scroll of noise {unknown}
 i - 2 scrolls of teleportation
 q - 3 scrolls of enchant armour
 v - a scroll of fear {unknown}
 z - a scroll of summoning {unknown}
Potions
 k - a potion of might
 l - 2 potions of brilliance
 n - 2 potions of lignification
 o - 3 potions of mutation
 p - a potion of invisibility
 A - a potion of haste {unknown}


   Skills:
 - Level 4.0 Fighting
 + Level 7.9 Short Blades
 + Level 10.8 Dodging
 + Level 11.7 Stealth
 - Level 4.0 Spellcasting
 - Level 8.0 Hexes


You had 6 spell levels left.
You knew the following spells:

 Your Spells              Type           Power      Damage    Failure   Level
a - Ensorcelled Hibernat  Hex/Ice        34%        N/A       1%          2
b - Confusing Touch       Hex            30%        N/A       1%          3
c - Tukima's Dance        Hex            30%        N/A       1%          3
d - Dazzling Flash        Conj/Hex       34%        N/A       3%          3

Your spell library contained the following spells:

 Spells                   Type           Power      Damage    Failure   Level
 Portal Projectile        Hex/Tloc       34%        N/A       3%          3
 Beastly Appendage        Tmut           6%         N/A       6%          1
 Wereblood                Tmut           3%         N/A       10%         2
 Leda's Liquefaction      Hex/Erth       8%         N/A       12%         4
 Call Canine Familiar     Summ           3%         N/A       19%         3
 Ignite Poison            Fire/Tmut/Pois 3%         N/A       19%         3
 Mephitic Cloud           Conj/Pois/Air  3%         N/A       19%         3
 Ozocubu's Armour         Ice            3%         N/A       19%         3
 Spider Form              Tmut/Pois      3%         N/A       19%         3
 Freezing Cloud           Conj/Ice/Air   1%         6-21      83%         5
 Ozocubu's Refrigeration  Ice            1%         4d5       100%        7


Dungeon Overview and Level Annotations

Branches:
Dungeon (7/15)             Temple (1/1) D:4          Bailey (visited)

Altars:
Ashenzari
Cheibriados
Dithmenos
Gozag
Kikubaaqudgha
Makhleb
Nemelex Xobeh
Qazlal
Sif Muna
Trog
Vehumet
Yredelemnul
Zin
The Shining One

Shops:
D:5 ((?!

Annotations:
D:1 dig
D:7 Harold


Innate Abilities, Weirdness & Mutations

You are very small and have problems with some larger weapons.
You are too small for most types of armour.
You have supernaturally acute eyesight. (SInv)
You cover ground extremely quickly. (Speed+++)


Message History

There is a stone staircase leading down here.
Magic restored.
The sentinel's mark upon you fades away.
HP restored.
Done exploring.
You climb downwards.
Level annotation: Harold
There is a stone staircase leading up, spattered with blood here.
Press: ? - help, v - describe, . - travel, g - get item Item here: a +1 dagger of venom.
The floor, spattered with blood.
This square is wreathed by an umbra.
Unknown command.
e - 185 stones (gained 2)
You see here a +0 whip.
There is a stone staircase leading down, spattered with blood here.
e - 188 stones (gained 3)
You see here a +0 club.
Harold throws a throwing net.
The throwing net hits you.
You become entangled in the net!
You see here a throwing net.
You are held in a net!
You struggle against the net.
Harold fires a harpoon shot at you. The harpoon shot hits you!
You are yanked forward by the harpoon shot.
You hit Harold but do no damage. Harold completely misses you.
Casting: Confusing Touch (safe; 1% risk of failure)
Confirm with . or Enter, or press ? or * to list all spells.
Aiming: Ensorcelled Hibernation (safe; 1% risk of failure)
Press: ? - help, Shift-Dir - straight line, f - Harold
Aim: Harold, wielding a +0 battleaxe and wearing a +0 chain mail (umbra, chance to affect: 18%) Harold resists with almost no effort.
Harold says, "This is so exciting!
What a great way to end my career!"
Harold hits you with a +0 battleaxe!
Casting: Ensorcelled Hibernation (safe; 1% risk of failure)
Confirm with . or Enter, or press ? or * to list all spells.
Your hands begin to glow red.
Harold barely misses you.
You hit Harold but do no damage. Harold hits you with a +0 battleaxe!!
You die...

........# ........#
........#
........#############
$.............!.....#
#.####.#####.#####.#
#.#(.(...## #.###########
#.....)...###...........#
####.)∩).@@...........#
..##..)...###########.#
...........#...#######.#
..#######))#...)....(..#
........(>.)<.########
.#######)#.)..#
#....#....# #.####....# #
#......


You could see Harold.

Vanquished Creatures
  2 vault guards (Bailey)
  Prince Ribbit (Bailey)
  2 slime creatures (D:6)
  4 humans (Bailey)
  Duvessa (D:6)
  A sky beast (D:6)
  A black bear (D:5)
  An ogre (D:6)
  A centaur (D:5)
  3 kobold brigands
  16 bullfrogs
  A wyvern zombie (D:7)
  Dowan (D:6)
  6 hounds
  3 jellies (D:6)
  An orc priest (D:3)
  2 iguanas
  A centaur skeleton (D:6)
  2 orc wizards (D:4)
  2 killer bee zombies
  A hound skeleton (D:4)
  10 adders
  A shadow imp (D:5)
  An ufetubus (D:6)
  2 adder skeletons (D:4)
  A worm (D:4)
  2 dart slugs
  19 orcs
  9 endoplasms
  5 giant cockroaches
  13 goblins
  13 hobgoblins
  5 jackals
  A quokka (D:4)
  3 ball pythons
  3 bats (D:1)
  15 kobolds
  8 rats
164 creatures vanquished.

Vanquished Creatures (collateral kills)
  An ogre (D:4)
1 creature vanquished.

Vanquished Creatures (others)
  7 fungi
  2 plants (D:1)
  9 toadstools (D:6)
18 creatures vanquished.

Grand Total: 183 creatures vanquished

Notes
Turn   | Place    | Note
-------+----------+-------------------------------------------
     0 | D:1      | MirrMurr the Spriggan Enchanter began the quest for the
                  | Orb.
     0 | D:1      | Reached XP level 1. HP: 9/9 MP: 5/5
   125 | D:1      | Reached XP level 2. HP: 13/13 MP: 6/6
   128 | D:1      | Learned a level 2 spell: Ensorcelled Hibernation
   207 | D:1      | Reached skill level 5 in Stealth
   946 | D:1      | Found a faded altar of an unknown god.
  1323 | D:2      | Reached XP level 3. HP: 16/16 MP: 8/8
  1327 | D:2      | Learned a level 3 spell: Confusing Touch
  1660 | D:2      | Reached skill level 6 in Stealth
  1822 | D:2      | Reached XP level 4. HP: 15/21 MP: 6/9
  3666 | D:4      | Reached skill level 7 in Stealth
  3666 | D:4      | Reached XP level 5. HP: 24/24 MP: 5/10
  4119 | D:3      | Reached skill level 8 in Stealth
  4288 | D:4      | Reached XP level 6. HP: 24/28 MP: 11/11
  4489 | D:4      | Reached skill level 5 in Short Blades
  4493 | D:4      | Learned a level 3 spell: Tukima's Dance
  4554 | D:4      | Found a staircase to the Ecumenical Temple.
  4563 | Temple   | Entered the Ecumenical Temple
  4801 | Temple   | Became a worshipper of Dithmenos the Shadowed
  5818 | D:5      | Entered Level 5 of the Dungeon
  5820 | D:5      | Found Jinlet's Antique Weapon Shop.
  5832 | D:5      | Reached skill level 5 in Hexes
  6021 | D:5      | Reached XP level 7. HP: 9/32 MP: 1/14
  6287 | D:5      | Learned a level 3 spell: Dazzling Flash
  6319 | D:5      | Found Dumy's Distillery.
  6327 | D:5      | Bought a potion of heal wounds for 50 gold pieces
  6342 | D:5      | Found Ahasmail's Magic Scroll Emporium.
  6590 | D:5      | Found Piown's Antique Weapon Boutique.
  6857 | D:6      | Noticed Duvessa
  6857 | D:6      | Noticed Dowan
  7072 | D:6      | Killed Duvessa
  7105 | D:6      | Killed Dowan
  7172 | D:6      | Reached skill level 1 in Fighting
  7172 | D:6      | Reached XP level 8. HP: 37/37 MP: 7/15
  7428 | D:6      | Reached skill level 5 in Dodging
  7641 | D:6      | Reached * piety under Dithmenos
  7786 | D:6      | Noticed a slime creature
  7786 | D:6      | Noticed a slime creature
  7791 | D:6      | Killed a slime creature
  7889 | D:6      | Killed a slime creature
  8225 | D:6      | Reached XP level 9. HP: 45/45 MP: 16/16
  8294 | D:7      | Found a flagged portal.
  8352 | Bailey   | Entered a bailey
  8827 | Bailey   | Reached skill level 9 in Stealth
  9014 | Bailey   | Reached ** piety under Dithmenos
  9053 | Bailey   | Reached skill level 10 in Stealth
  9305 | Bailey   | Noticed Prince Ribbit
  9349 | Bailey   | Noticed a vault guard
  9352 | Bailey   | Killed Prince Ribbit
  9377 | Bailey   | Killed a vault guard
  9378 | Bailey   | Reached skill level 10 in Dodging
  9378 | Bailey   | Reached skill level 11 in Stealth
  9378 | Bailey   | Reached XP level 10. HP: 35/49 MP: 4/17
  9505 | Bailey   | Noticed a vault guard
  9517 | Bailey   | Killed a vault guard
  9759 | D:7      | Noticed Harold
  9897 | D:7      | Slain by Harold

Illustrated notes

Levels and vault maps discovered:
D:1:      minmay_arrival_glassed_features, layout_loops_ring,
          dreamdust_ecumenical_altar_grove
D:2:      layout_rooms
D:3:      layout_rooms
D:4:      layout_gridville, minmay_temple_entry_glass, minmay_between
D:5:      nicolae_cairo_tiling_large_dashed, layout_basic, serial_shops,
          nicolae_stop_n_shop_2, kennysheep_mini, nicolae_shop_trees,
          nicolae_shop_competitors_out_of_business
D:6:      cheibrodos_fertilizer, layout_rooms, chequers_serial_rivers_small_3,
          uniq_duvessa
D:7:      layout_basic, enter_bailey_2, uniq_maggie, uniq_harold
Temple:   dpeg_chambers_temple

Skill      XL: |  1  2  3  4  5  6  7  8  9 |
---------------+----------------------------+-----
Stealth        | 5 6 7 8 11 | 11.7
Short Blades   | 2 3 4 5 7 |  7.9
Spellcasting   | 4 |  4.0
Hexes          | 5 8 |  8.0
Dodging        | 3 7 10 | 10.8
Fighting       | 1 4 |  4.0

Action                   |  1- 3 |  4- 6 |  7- 9 | 10-12 || total
-------------------------+-------+-------+-------+-------++-------
Melee: Dagger            |    64 |   136 |   170 |    10 ||   380
       Punch             |     3 |     4 |     5 |     1 ||    13
       Short sword       |    19 |    64 |    23 |    12 ||   118
 Cast: Ensorcelled Hiber |    23 |    33 |    47 |     9 ||   112
       Confusing Touch   |       |     2 |     3 |     3 ||     8
       Tukima's Dance    |       |     1 |     3 |       ||     4
Evoke: Wand              |       |       |     1 |       ||     1
  Use: Scroll            |       |     8 |     3 |       ||    11
       Potion            |       |     1 |     1 |       ||     2
 Stab: Sleeping          |    23 |    22 |    27 |     8 ||    80
       Confused          |       |     1 |     5 |     2 ||     8
       Distracted        |       |     1 |       |       ||     1
       Invisible         |       |     1 |       |       ||     1
Armor: Robe              |     6 |    28 |    15 |     4 ||    53
Dodge: Dodged            |    40 |   146 |   231 |    60 ||   477

Table legend: (Time is in decaauts)
 A = Elapsed time spent in this place.
 B = Non-inter-level travel time spent in this place.
 C = Inter-level travel time spent in this place.
 D = Time resting spent in this place.
 E = Time spent auto-exploring this place.
 F = Levels seen in this place.
 G = Mean time per level.
                   A        B        C        D        E       F      G
               +--------+--------+--------+--------+--------+-----+--------+
         Total |   8135 |   7876 |    259 |    616 |   5882 |   9 |  903.9 |
       Dungeon |   6892 |   6667 |    225 |    399 |   5071 |   7 |  984.6 |
        Temple |    156 |    123 |     33 |      0 |    114 |   1 |  156.0 |
        Bailey |   1086 |   1086 |      0 |    217 |    696 |   1 | 1086.0 |
               +--------+--------+--------+--------+--------+-----+--------+

Top non-repeatable levels by time:
     D:3: 1595 daAuts
     D:6: 1270 daAuts
     D:4: 1231 daAuts
  Bailey: 1086 daAuts
     D:1: 1075 daAuts
     D:5: 910 daAuts
     D:2: 709 daAuts
  Temple: 156 daAuts
     D:7: 99 daAuts
